3AA
OTTAWA NATIONALS @ CASPER GHOSTS
05/03/2029
 
TOP OF THE 1ST
Ottawa Nationals batting - Pitching for Casper Ghosts : RHP Jason Millward
Pitching: RHP Jason Millward
Batting: RHB Tomás Bermúdez 0-0: Foul Ball, location: 2F
0-1: Ball
1-1: Swinging Strike
1-2: Strikes out swinging
Batting: RHB Duane Wills 0-0: Ball
1-0: Ball
2-0: SINGLE (Groundball, 56S) (infield hit)
Batting: RHB Ron Bernard 0-0: Called Strike
0-1: Swinging Strike
0-2: Ball
1-2: Ball
Duane Wills steals 2nd base
2-2: Ball
3-2: Foul Ball, location: 2F
3-2: Ground out 5-3 (Groundball, 5S)
Duane Wills to third
Batting: RHB Mike Jennings 0-0: Ball
1-0: Ball
2-0: Foul Ball, location: 2F
2-1: Fly out, F8 (Flyball, 8RD)
Top of the 1st over - 0 runs, 1 hit, 0 errors, 1 left on base; Ottawa 0 - Casper 0
BOTTOM OF THE 1ST
Casper Ghosts batting - Pitching for Ottawa Nationals : RHP Gonzalo Ruíz
Pitching: RHP Gonzalo Ruíz
Batting: LHB Ronald Anderson 0-0: Ball
1-0: Called Strike
1-1: Ground out 4-3 (Groundball, 4)
Batting: RHB José Córdova 0-0: Ball
1-0: Foul Ball, location: 2F
1-1: Ball
2-1: Foul Ball, location: 2F
2-2: Ball
3-2: Ground out 4-3 (Groundball, 4)
Batting: RHB Derek Bangert 0-0: Ball
1-0: SINGLE (Line Drive, 7LS)
Batting: RHB Jorge Díaz 0-0: Ball
1-0: Ball
2-0: Called Strike
2-1: Ball
3-1: Base on Balls
Derek Bangert to second
Batting: RHB Bob Phillips 0-0: Ground out 2-3 (Groundball, 2L)
Bottom of the 1st over - 0 runs, 1 hit, 0 errors, 2 left on base; Ottawa 0 - Casper 0
TOP OF THE 2ND
Ottawa Nationals batting - Pitching for Casper Ghosts : RHP Jason Millward
Batting: LHB Ken Stroud 0-0: Ball
1-0: Swinging Strike
1-1: Ball
2-1: Swinging Strike
2-2: Foul Ball, location: 2F
2-2: Strikes out swinging
Batting: RHB Ernest Daniels 0-0: Called Strike
0-1: Swinging Strike
0-2: Ball
1-2: Foul Ball, location: 2F
1-2: Foul Ball, location: 2F
1-2: Ball
2-2: Foul Ball, location: 2F
2-2: Ball
3-2: Ground out 6-3 (Groundball, 6)
Batting: LHB José Gómez 0-0: Ball
1-0: Ground out 6-3 (Groundball, 6)
Top of the 2nd over - 0 runs, 0 hits, 0 errors, 0 left on base; Ottawa 0 - Casper 0
BOTTOM OF THE 2ND
Casper Ghosts batting - Pitching for Ottawa Nationals : RHP Gonzalo Ruíz
Batting: RHB Steve Weber 0-0: Ground out 4-3 (Groundball, 4)
Batting: RHB Félix Ramos 0-0: Called Strike
0-1: Ball
1-1: SINGLE (Line Drive, 8RS)
Batting: RHB Félix Martínez 0-0: Swinging Strike
0-1: Ball
1-1: Foul Ball, location: 2F
1-2: Strikes out swinging
Batting: RHB Juan Hernández 0-0: Ball
1-0: Called Strike
1-1: Ball
2-1: Called Strike
2-2: Foul Ball, location: 2F
2-2: Strikes out swinging
Bottom of the 2nd over - 0 runs, 1 hit, 0 errors, 1 left on base; Ottawa 0 - Casper 0
TOP OF THE 3RD
Ottawa Nationals batting - Pitching for Casper Ghosts : RHP Jason Millward
Batting: RHB Juan Román 0-0: Ball
1-0: Ball
2-0: Ball
3-0: Called Strike
3-1: Base on Balls
Batting: RHB Miguel González 0-0: Fly out, F6 (Line Drive, 6)
Batting: RHB Tomás Bermúdez 0-0: Ball
1-0: Called Strike
1-1: Foul Ball, location: 2F
1-2: Foul Ball, location: 2F
1-2: Ball
2-2: Foul Ball, location: 2F
2-2: Fielders Choice at 2nd, 5-4 (Groundball, 56)
Batting: RHB Duane Wills 0-0: Called Strike
0-1: Ball
1-1: Ball
2-1: Foul Ball, location: 2F
2-2: SINGLE (Line Drive, 8RS)
Tomás Bermúdez to second
Batting: RHB Ron Bernard 0-0: Ball
1-0: Foul Ball, location: 2F
1-1: Swinging Strike
1-2: Single, Error in OF, E9, batter to second base
Tomás Bermúdez scores
Duane Wills to third
Batting: RHB Mike Jennings 0-0: Called Strike
0-1: Foul Ball, location: 2F
0-2: Foul Ball, location: 2F
0-2: Ball
1-2: Ball
2-2: Ball
3-2: Foul Ball, location: 2F
3-2: Ground out 6-3 (Groundball, 6S)
Top of the 3rd over - 1 run, 2 hits, 1 error, 2 left on base; Ottawa 1 - Casper 0
BOTTOM OF THE 3RD
Casper Ghosts batting - Pitching for Ottawa Nationals : RHP Gonzalo Ruíz
Batting: LHB Ronald Anderson 0-0: Ball
1-0: Swinging Strike
1-1: Called Strike
1-2: Ball
2-2: Ball
3-2: Strikes out swinging
Batting: RHB José Córdova 0-0: Ball
1-0: Foul Ball, location: 2F
1-1: Foul Ball, location: 2F
1-2: Foul Ball, location: 2F
1-2: Foul Ball, location: 2F
1-2: Ground out 6-3 (Groundball, 6)
Batting: RHB Derek Bangert 0-0: Ball
1-0: Ball
2-0: Foul Ball, location: 2F
2-1: Foul Ball, location: 2F
2-2: Ball
3-2: Foul Ball, location: 2F
3-2: Foul Ball, location: 2F
3-2: Foul Ball, location: 2F
3-2: Fly out, F7 (Flyball, 7)
Bottom of the 3rd over - 0 runs, 0 hits, 0 errors, 0 left on base; Ottawa 1 - Casper 0
TOP OF THE 4TH
Ottawa Nationals batting - Pitching for Casper Ghosts : RHP Jason Millward
Batting: LHB Ken Stroud 0-0: Called Strike
0-1: Foul Ball, location: 2F
0-2: Ball
1-2: SINGLE (Line Drive, 6)
Batting: RHB Ernest Daniels 0-0: Ball
1-0: Ball
2-0: Ball
3-0: Foul Ball, location: 2F
3-1: Base on Balls
Ken Stroud to second
Batting: LHB José Gómez 0-0: Ball
1-0: Ball
2-0: Ball
3-0: Base on Balls
Ken Stroud to third
Ernest Daniels to second
Batting: RHB Juan Román 0-0: Called Strike
0-1: Called Strike
0-2: Strikes out swinging
Batting: RHB Miguel González 0-0: Ground out 5-3 (Groundball, 56S)
Ken Stroud scores
Ernest Daniels to third
José Gómez to second
Batting: RHB Tomás Bermúdez 0-0: Ball
1-0: Foul Ball, location: 2F
1-1: Ball
2-1: Foul Ball, location: 2F
2-2: Ball
3-2: Foul Ball, location: 2F
3-2: Foul Ball, location: 2F
3-2: Foul Ball, location: 2F
3-2: Foul Ball, location: 2F
3-2: Base on Balls
Batting: RHB Duane Wills 0-0: Called Strike
0-1: Fly out, F9 (Flyball, 9S)
Top of the 4th over - 1 run, 1 hit, 0 errors, 3 left on base; Ottawa 2 - Casper 0
BOTTOM OF THE 4TH
Casper Ghosts batting - Pitching for Ottawa Nationals : RHP Gonzalo Ruíz
Batting: RHB Jorge Díaz 0-0: Ball
1-0: Ball
2-0: Ball
3-0: Called Strike
3-1: Base on Balls
Batting: RHB Bob Phillips 0-0: Ball
1-0: Ball
2-0: Fly out, F7 (Flyball, 7LM)
Batting: RHB Steve Weber 0-0: Ball
1-0: Ball
2-0: Ball
3-0: Base on Balls
Jorge Díaz to second
Batting: RHB Félix Ramos 0-0: Ball
1-0: Foul Ball, location: 2F
1-1: Fly out, F6 (Line Drive, 6M)
Batting: RHB Félix Martínez 0-0: Called Strike
0-1: Foul Ball, location: 2F
0-2: Foul Ball, location: 2F
0-2: Ball
1-2: Hit by Pitch
Jorge Díaz to third
Steve Weber to second
Batting: RHB Juan Hernández 0-0: Swinging Strike
0-1: Ground out 5-3 (Groundball, 56S)
Bottom of the 4th over - 0 runs, 0 hits, 0 errors, 3 left on base; Ottawa 2 - Casper 0
TOP OF THE 5TH
Ottawa Nationals batting - Pitching for Casper Ghosts : RHP Jason Millward
Batting: RHB Ron Bernard 0-0: Ball
1-0: Ground out 5-3 (Groundball, 56)
Batting: RHB Mike Jennings 0-0: Ball
1-0: Fly out, F9 (Line Drive, 9D)
Batting: LHB Ken Stroud 0-0: Ball
1-0: Ball
2-0: Ball
3-0: Called Strike
3-1: Foul Ball, location: 2F
3-2: Base on Balls
Batting: RHB Ernest Daniels 0-0: Called Strike
0-1: Ball
1-1: Foul Ball, location: 2F
1-2: Foul Ball, location: 2F
1-2: Strikes out swinging
Top of the 5th over - 0 runs, 0 hits, 0 errors, 1 left on base; Ottawa 2 - Casper 0
BOTTOM OF THE 5TH
Casper Ghosts batting - Pitching for Ottawa Nationals : RHP Gonzalo Ruíz
Batting: LHB Ronald Anderson 0-0: Foul Ball, location: 2F
0-1: Fly out, F7 (Flyball, 7LSF)
Batting: RHB José Córdova 0-0: Called Strike
0-1: Foul Ball, location: 2F
0-2: Ball
1-2: Ball
2-2: Ball
3-2: Fly out, F7 (Flyball, 7LM)
Batting: RHB Derek Bangert 0-0: Called Strike
0-1: Ball
1-1: Foul Ball, location: 2F
1-2: Ball
2-2: Hit by Pitch
Batting: RHB Jorge Díaz 0-0: Called Strike
0-1: Ball
1-1: Fly out, F8 (Flyball, 8RXD)
Bottom of the 5th over - 0 runs, 0 hits, 0 errors, 1 left on base; Ottawa 2 - Casper 0
TOP OF THE 6TH
Ottawa Nationals batting - Pitching for Casper Ghosts : RHP Jason Millward
Batting: LHB José Gómez 0-0: Fly out, F9 (Flyball, 89D)
Batting: RHB Juan Román 0-0: Ball
1-0: Ground out 4-3 (Groundball, 4)
Batting: RHB Miguel González 0-0: Fly out, F8 (Flyball, 8LM)
Top of the 6th over - 0 runs, 0 hits, 0 errors, 0 left on base; Ottawa 2 - Casper 0
BOTTOM OF THE 6TH
Casper Ghosts batting - Pitching for Ottawa Nationals : RHP Gonzalo Ruíz
Batting: RHB Bob Phillips 0-0: SINGLE (Flyball, 8RS)
Batting: RHB Steve Weber 0-0: Ball
1-0: Sac Bunt - play at first, batter safe!
Bob Phillips to second
Batting: RHB Félix Ramos 0-0: Called Strike
0-1: Foul Ball, location: 2F
0-2: Strikes out swinging
Batting: RHB Félix Martínez 0-0: Called Strike
0-1: Ball
1-1: Ball
2-1: Called Strike
2-2: Ball
3-2: Fly out, F9 (Flyball, 89S)
Batting: RHB Juan Hernández 0-0: Foul Ball, location: 2F
0-1: Ball
1-1: Called Strike
1-2: Ball
2-2: Strikes out looking
Bottom of the 6th over - 0 runs, 2 hits, 0 errors, 2 left on base; Ottawa 2 - Casper 0
TOP OF THE 7TH
Ottawa Nationals batting - Pitching for Casper Ghosts : RHP Jason Millward
Batting: RHB Tomás Bermúdez 0-0: Ball
1-0: Called Strike
1-1: Ball
2-1: Ball
3-1: Called Strike
3-2: Ground out 1-3 (Groundball, 15)
Batting: RHB Duane Wills 0-0: Foul Ball, location: 2F
0-1: Ball
1-1: Ball
2-1: Fly out, F7 (Line Drive, 7S)
Batting: RHB Ron Bernard 0-0: Ball
1-0: TRIPLE (Flyball, 78XD)
Pitching: RHP Júlio Vázquez
Batting: RHB Mike Jennings 0-0: Swinging Strike
0-1: Ball
1-1: Ground out 5-3 (Groundball, 5)
Top of the 7th over - 0 runs, 1 hit, 0 errors, 1 left on base; Ottawa 2 - Casper 0
BOTTOM OF THE 7TH
Casper Ghosts batting - Pitching for Ottawa Nationals : RHP Gonzalo Ruíz
Batting: LHB Ronald Anderson 0-0: Ball
1-0: DOUBLE (Line Drive, 9LM) - OUT at third base trying to stretch hit.
Batting: RHB José Córdova 0-0: SINGLE (Groundball, 4MD)
Batting: RHB Derek Bangert 0-0: Ball
1-0: Foul Ball, location: 2F
1-1: Called Strike
1-2: SINGLE (Groundball, 56D)
José Córdova to second
Pitching: RHP Héctor Aguilar
Batting: RHB Jorge Díaz 0-0: Swinging Strike
0-1: Ball
1-1: Fly out, F9 (Line Drive, 9D)
Runner from 2nd tags up, SAFE at 3rd, no throw
Batting: RHB Bob Phillips 0-0: Swinging Strike
0-1: SINGLE (Flyball, 78M)
José Córdova scores
Derek Bangert to second
Batting: RHB Steve Weber 0-0: Foul Ball, location: 2F
0-1: Called Strike
0-2: Ball
1-2: Ball
2-2: Foul Ball, location: 2F
2-2: SINGLE (Flyball, 8LS)
Derek Bangert to third
Bob Phillips to second
Runner from 3rd tries for Home, SAFE, no throw
Batting: RHB Félix Ramos 0-0: Called Strike
0-1: Swinging Strike
0-2: Ball
1-2: Foul Ball, location: 2F
1-2: Ball
2-2: Foul Ball, location: 2F
2-2: Foul Ball, location: 2F
2-2: Fielders Choice at 2nd, 6-4 (Groundball, 6)
Bottom of the 7th over - 2 runs, 5 hits, 0 errors, 2 left on base; Ottawa 2 - Casper 2
TOP OF THE 8TH
Ottawa Nationals batting - Pitching for Casper Ghosts : RHP Júlio Vázquez
Batting: LHB Ken Stroud 0-0: Ground out 4-3 (Groundball, 4)
Batting: RHB Ernest Daniels 0-0: Called Strike
0-1: Foul Ball, location: 2F
0-2: Strikes out swinging
Batting: LHB José Gómez 0-0: Called Strike
0-1: Fly out, F9 (Flyball, 89S)
Top of the 8th over - 0 runs, 0 hits, 0 errors, 0 left on base; Ottawa 2 - Casper 2
BOTTOM OF THE 8TH
Casper Ghosts batting - Pitching for Ottawa Nationals : RHP Héctor Aguilar
Batting: RHB Félix Martínez 0-0: Ball
1-0: Fly out, F9 (Flyball, 9LD)
Pinch Hitting: RHB Armando Pacheco 0-0: Ball
1-0: Called Strike
1-1: Ball
2-1: Foul Ball, location: 2F
2-2: Ball
3-2: Strikes out swinging
Batting: LHB Ronald Anderson 0-0: Ball
1-0: Swinging Strike
1-1: Ball
2-1: Foul Ball, location: 2F
2-2: Foul Ball, location: 2F
2-2: Fly out, F7 (Flyball, 78D)
Bottom of the 8th over - 0 runs, 0 hits, 0 errors, 0 left on base; Ottawa 2 - Casper 2
TOP OF THE 9TH
Ottawa Nationals batting - Pitching for Casper Ghosts : RHP Júlio Vázquez
Now at 3B: Roberto De La Cruz
Batting: RHB Juan Román 0-0: Called Strike
0-1: SINGLE (Groundball, 6MD)
Pinch Runner at 1st Eduardo Morales:
Batting: RHB Miguel González 0-0: Called Strike
0-1: Ball
1-1: Ball
Throwing error on steal attempt, E2
Eduardo Morales to third
2-1: Swinging Strike
2-2: Ball
3-2: DOUBLE (Flyball, 78D)
Eduardo Morales scores
Batting: RHB Tomás Bermúdez 0-0: Ball
1-0: SINGLE (Groundball, 4MD)
Miguel González to third
Batting: RHB Duane Wills 0-0: Ball
1-0: Called Strike
1-1: Called Strike
1-2: Ground out 4-3 (Groundball, 4)
Tomás Bermúdez to second
Batting: RHB Ron Bernard 0-0: Intentional Walk
Batting: RHB Mike Jennings 0-0: Ball
1-0: Foul Ball, location: 2F
1-1: Fly out, F9 (Flyball, 9LD)
Runner from 3rd tags up, SCORES, no throw
Tomás Bermúdez to third
Batting: LHB Ken Stroud 0-0: Ball
1-0: Fly out, F4 (Flyball, 3D)
Top of the 9th over - 2 runs, 3 hits, 1 error, 2 left on base; Ottawa 4 - Casper 2
BOTTOM OF THE 9TH
Casper Ghosts batting - Pitching for Ottawa Nationals : RHP Héctor Aguilar
Now at C: Juan González
Batting: RHB José Córdova 0-0: Ground out 4-3 (Groundball, 34)
Batting: RHB Derek Bangert 0-0: Foul Ball, location: 2F
0-1: Called Strike
0-2: Strikes out swinging
Batting: RHB Jorge Díaz 0-0: Foul Ball, location: 2F
0-1: Ball
1-1: Ball
2-1: Ball
3-1: Base on Balls
Batting: RHB Bob Phillips 0-0: Ball
1-0: Called Strike
1-1: DOUBLE (Line Drive, 78S)
Jorge Díaz to third
Pinch Hitting: LHB Jorge Morín 0-0: Called Strike
0-1: Foul Ball, location: 2F
0-2: Ball
1-2: Ball
2-2: Strikes out swinging
Bottom of the 9th over - 0 runs, 1 hit, 0 errors, 2 left on base; Ottawa 4 - Casper 2
Tuesday, December 19th, 2017 - OOTP Baseball 18.8 Build 76